 Dungeon Crawl Stone Soup version 0.19.1-1-g22dce08 (webtiles) character file.

380 dngmouse the Skirmisher (level 6, -13/58 HPs)
             Began as a Deep Dwarf Fighter on Jan 11, 2017.
             Mangled by an ogre
             ... wielding a +0 giant club
              (27 damage)
             ... on level 4 of the Dungeon.
             The game lasted 00:10:14 (2473 turns).

dngmouse the Skirmisher (Deep Dwarf Fighter)        Turns: 2473, Time: 00:10:15

Health: -13/58     AC:  7    Str: 22    XL:     6   Next: 46%
Magic:  9/9        EV:  8    Int:  8    God:
Gold:   171        SH:  9    Dex: 12    Spells: 0 memorised, 5 levels left

rFire  . . .     SeeInvis .     a - +0 war axe
rCold  + . .     Gourm    .     d - +2 ring mail {rC+}
rNeg   . . .     Faith    .     c - +0 shield
rPois  .         Spirit   .     (no helmet)
rElec  .         Reflect  .     (no cloak)
rCorr  .         Harm     .     (no gloves)
MR     .....                    (no boots)
Stlth  +.........               (no amulet)
                                (no ring)
                                (no ring)

@: non-regenerating
A: damage resistance, recharge devices, sense surroundings 1, slow regeneration
3
a: Device Recharging


You were on level 4 of the Dungeon.
You were not hungry.

You visited 1 branch of the dungeon, and saw 4 of its levels.

You collected 171 gold pieces.

Inventory:

Hand Weapons
 a - a +0 war axe (weapon)
Missiles
 p - 9 tomahawks (quivered)
Armour
 c - a +0 shield (worn)
 d - a +2 ring mail of cold resistance (worn)
 t - a +0 chain mail
Wands
 e - a wand of heal wounds (3/9)
 n - a wand of random effects (26/48)
Scrolls
 i - 3 scrolls of remove curse {unknown}
 j - 7 scrolls of identify {unknown}
 k - a scroll of enchant weapon {unknown}
 m - a scroll of teleportation {unknown}
 o - a scroll of immolation {unknown}
 q - 2 scrolls of amnesia {unknown}
 u - a scroll of fear {unknown}
Potions
 b - a potion of invisibility
 l - a potion of heal wounds
Comestibles
 f - 5 bread rations
 g - 3 meat rations
 h - 5 chunks of flesh
 r - a beef jerky
 s - 7 fruits


   Skills:
 + Level 4.7 Fighting
 + Level 4.7 Axes
 - Level 3.2 Armour
 - Level 3.2 Shields
 + Level 4.2 Evocations


You had 5 spell levels left.
You didn't know any spells.

Dungeon Overview and Level Annotations

Branches:
Dungeon (4/15)
 Temple: D:4-7

Altars:

Annotations:
D:4 exclusion: 3 doors


Innate Abilities, Weirdness & Mutations

You are resistant to damage.
You can recharge devices by infusing magical energy.
You passively map a small area around you.
You do not regenerate.


Message History

You barely miss the ogre. The ogre barely misses you.
Your shield and ring mail prevent you from hitting the ogre.
The ogre hits you with a giant club.
You slash the ogre!
The ogre is moderately wounded.
You block the ogre's attack.
You closely miss the ogre.
The ogre is moderately wounded.
The ogre hits you with a giant club!
You hit the ogre but do no damage.
The ogre is moderately wounded.
The ogre barely misses you.
You hit the ogre.
The ogre is heavily wounded.
The ogre hits you with a giant club!
* * * LOW HITPOINT WARNING * * *
You slash the ogre!
The ogre is almost dead.
The ogre hits you with a giant club!!
You die...

#.......#
########.......####
#..))..............
###.######........##
........##.........#
.....>..##........## *
.##.###.########.##
.*#.###.# #.# *
#..##.# #@# , ##.##.#
#O# .###.##.# **... *
........# * ...(. *
........# * ....... *
####....####.........
,
...........+.........+
####....####.........#
,, #.#.## *


You could see an ogre.

Vanquished Creatures
  An ogre (D:4)
  An orc wizard (D:4)
  Terence (D:3)
  A worker ant (D:4)
  8 gnolls (D:4)
  5 adders
  2 oozes
  A dart slug (D:1)
  A leopard gecko (D:3)
  9 orcs (D:4)
  7 giant cockroaches
  9 goblins
  10 hobgoblins
  2 jackals (D:1)
  4 kobolds
  3 quokkas
  8 bats
  2 frilled lizards (D:1)
  5 rats
80 creatures vanquished.

Notes
Turn   | Place    | Note
-------+----------+-------------------------------------------
     0 | D:1      | dngmouse the Deep Dwarf Fighter began the quest for the Orb.
     0 | D:1      | Reached XP level 1. HP: 20/20 MP: 1/1
   304 | D:1      | Reached XP level 2. HP: 27/27 MP: 2/2
   914 | D:2      | Reached XP level 3. HP: 30/34 MP: 3/3
  1196 | D:2      | Reached skill level 1 in Evocations
  1504 | D:3      | Reached XP level 4. HP: 33/43 MP: 5/5
  1692 | D:3      | Noticed Terence
  1710 | D:3      | Killed Terence
  1902 | D:4      | Noticed an ogre
  1911 | D:4      | Killed an ogre
  1911 | D:4      | Reached XP level 5. HP: 50/50 MP: 5/7
  2074 | D:4      | Reached XP level 6. HP: 29/58 MP: 8/8
  2473 | D:4      | Mangled by an ogre

Skill      XL: |  1  2  3  4  5  6 |
---------------+-------------------+-----
Fighting       | 3 4 |  4.7
Axes           | 3 4 |  4.7
Evocations     | 1 3 4 |  4.2
Armour         | |  3.2
Shields        | |  3.2

Action                   |  1- 3 |  4- 6 || total
-------------------------+-------+-------++-------
Melee: War axe           |   130 |   152 ||   282
Evoke: Wand              |       |     2 ||     2
  Use: Potion            |       |     5 ||     5
 Stab: Invisible         |       |     1 ||     1
  Eat: Chunk             |     2 |     4 ||     6
Armor: Scale mail        |    52 |       ||    52
       Chain mail        |     1 |    11 ||    12
       Ring mail         |       |    41 ||    41
Dodge: Dodged            |    36 |    53 ||    89
Block: Shield            |    71 |    89 ||   160
